Map: Apotheosis LE

Players

Stalker - Winner!

  • Race: Protoss Protoss
  • League: Diamond

ZtarTheGreat

  • Race: Zerg Zerg
  • League: Diamond

VOD

Have the link to the VOD?

Description

Time

  • Played on: Sept. 13, 2016, 10:57 a.m.
  • Length: 7:47
Show
View Real Time Build Order
Export as new Build Order

Stalker Protoss - Winner!

Build Orders:  

Get SALT Encoding   

  12  0:01  Probe (Chrono Boost)  
  13  0:12  Probe (Chrono Boost)  
  14  0:22  Pylon  
  14  0:23  Probe (Chrono Boost)  
  15  0:40  Probe (Chrono Boost)  
  16  0:51  Probe (Chrono Boost)  
  17  1:01  Probe (Chrono Boost)  
  18  1:07  Nexus  
  18  1:19  Gateway  
  18  1:21  Probe (Chrono Boost)  
  19  1:26  Assimilator  
  19  1:31  Probe (Chrono Boost)  
  20  1:35  Assimilator  
  20  1:42  Pylon  
  20  1:44  Probe (Chrono Boost)  
  21  1:54  Probe (Chrono Boost)  
  22  2:05  Probe (Chrono Boost)  
  22  2:06  Cybernetics Core  
  23  2:11  Gateway  
  23  2:18  Probe (Chrono Boost)  
  24  2:24  Probe (Chrono Boost)  
  25  2:30  Probe (Chrono Boost)  
  25  2:32  Zealot  
  29  2:44  Warp Gate, Mothership Core (Chrono Boost)  
  29  2:47  Probe (Chrono Boost)  
  30  2:55  Gateway  
  31  2:59  Probe (Chrono Boost)  
  31  3:02  Probe (Chrono Boost)  
  32  3:09  Adept  
  32  3:11  Probe (Chrono Boost), Adept  
  38  3:14  Probe (Chrono Boost)  
  38  3:22  Robotics Facility  
  38  3:23  Probe (Chrono Boost)  
  38  3:24  Assimilator  
  38  3:25  Probe (Chrono Boost)  
  40  3:27  Assimilator  
  40  3:33  Probe (Chrono Boost)  
  41  3:35  Pylon  
  41  3:39  Twilight Council  
  41  3:43  Probe (Chrono Boost)  
  41  3:44  Probe (Chrono Boost)  
  43  3:53  Probe (Chrono Boost)  
  44  3:58  Probe (Chrono Boost)  
  44  3:59  Gateway  
  44  4:01  Gateway  
  45  4:04  Probe (Chrono Boost)  
  45  4:08  Probe (Chrono Boost)  
  45  4:09  Pylon  
  47  4:12  Observer  
  47  4:14  Probe (Chrono Boost)  
  49  4:21  Probe (Chrono Boost), Resonating Glaives  
  50  4:32  Immortal  
  50  4:34  Probe x2 (Chrono Boost)  
  56  4:46  Probe (Chrono Boost)  
  56  4:51  Pylon  
  56  4:52  Pylon  
  53  4:56  Gateway  
  53  4:57  Gateway  
  53  4:59  Gateway  
  53  5:00  Adept  
  53  5:01  Adept x3  
  53  5:06  Warp Prism  
  62  5:08  Probe (Chrono Boost)  
  64  5:14  Adept  
  64  5:19  Pylon  
  66  5:24  Adept x2  
  66  5:25  Sentry x2  
  74  5:34  Adept  
  76  5:37  Immortal  
  76  5:42  Pylon  
  80  5:56  Nexus, Forge  
  80  5:59  Forge  
  80  6:03  Pylon  
  79  6:11  Sentry x3  
  85  6:23  Immortal  
  85  6:30  Adept  
  85  6:31  Adept  
  93  6:38  Pylon  
  93  6:40  Photon Cannon  
  93  6:45  Pylon  
  93  6:57  Adept  
  93  6:58  Adept x3  
  101  7:05  Pylon  
  99  7:29  Probe (Chrono Boost)  
  92  7:30  Adept x8  
  92  7:35  Probe (Chrono Boost)  
  92  7:36  Probe (Chrono Boost)  
Show
View Real Time Build Order
Export as new Build Order

ZtarTheGreat Zerg 

Build Orders: Hatch First 

Get SALT Encoding   

  12  0:01  Drone  
  13  0:08  Drone  
  14  0:16  Overlord  
  14  0:26  Drone, Extractor  
  15  0:35  Drone x2  
  17  0:55  Hatchery  
  16  0:58  Drone  
  17  1:11  Spawning Pool  
  16  1:13  Drone  
  16  1:17  Drone  
  18  1:24  Overlord  
  18  1:51  Drone  
  19  1:57  Zergling x4  
  19  1:59  Queen  
  23  2:10  Drone  
  23  2:11  Drone  
  23  2:12  Queen  
  23  2:14  Drone  
  28  2:22  Drone  
  29  2:27  Drone  
  29  2:28  Drone  
  31  2:44  Drone  
  31  2:45  Drone x2  
  31  2:48  Queen  
  36  2:52  Extractor  
  36  2:56  Queen, Extractor  
  36  2:59  Overlord  
  36  3:00  Overlord  
  36  3:20  Drone x2  
  36  3:22  Drone x4  
  36  3:23  Drone  
  43  3:34  Drone  
  43  3:35  Drone x3  
  47  3:41  Extractor  
  47  3:44  Extractor  
  47  3:45  Lair  
  45  3:50  Roach Warren  
  45  3:51  Queen  
  45  3:52  Overlord  
  45  3:53  Overlord  
  46  3:56  Drone x2  
  46  3:57  Drone x2  
  46  3:58  Drone  
  51  4:05  Drone  
  52  4:10  Overlord  
  52  4:11  Overlord  
  52  4:13  Metabolic Boost  
  52  4:17  Zergling x2  
  52  4:18  Zergling x2  
  43  4:56  Drone x4  
  47  5:02  Hydralisk Den  
  47  5:07  Evolution Chamber  
  45  5:10  Evolution Chamber  
  45  5:11  Drone  
  45  5:16  Hatchery  
  44  5:22  Drone  
  44  5:23  Drone x3  
  44  5:25  Drone  
  44  5:28  Drone  
  50  5:42  Drone x5  
  55  5:48  Zerg Missile Weapons Level 1  
  55  5:50  Zerg Ground Armor Level 1  
  55  5:52  Overseer  
  55  5:58  Roach  
  55  5:59  Hydralisk  
  59  6:18  Hydralisk x3, Lurker Den  
  65  6:26  Overseer  
  65  6:36  Hydralisk x5  
  72  6:47  Zergling x2  
  72  6:48  Zergling x10  
  78  7:04  Hydralisk x3  
  78  7:05  Hydralisk x2  
  78  7:07  Zergling x4  
  84  7:20  Hydralisk  
  84  7:21  Hydralisk x3  
Tags
 
Add a new tag
Caveats
  • Supply blocks, unpowered buildings, or Contaminate may cause inaccurate times.
  • Supply counts are checked every 10 seconds.